 Dungeon Crawl Stone Soup version 0.27-a0-1513-g2aaa0cc67b (webtiles) character file.

Game seed: 14836567587544783603

13 bilbop the Caller (level 2, 0/16 HPs)
             Began as a Kobold Summoner on July 10, 2021.
             Succumbed to an adder's poison
             ... on level 1 of the Dungeon.
             The game lasted 00:06:38 (826 turns).

bilbop the Caller (Kobold Summoner)                  Turns: 826, Time: 00:06:38

Health: 0/16       AC:  2    Str:  5    XL:     2   Next: 50%
Magic:  0/5        EV: 15    Int: 16    God:
Gold:   0          SH:  0    Dex: 15    Spells: 4/5 levels left

rFire    . . .     SeeInvis .   (weapon restricted)
rCold    . . .     Faith    .   (shield restricted)
rNeg     . . .     Spirit   .   a - +0 robe
rPois    .         Reflect  .   (no helmet)
rElec    .         Harm     .   (no cloak)
rCorr    .         Rampage  .   (no gloves)
Will     .....                  (no boots)
Stlth    +++.......             (no amulet)
HPRegen  0.05/turn              (no ring)
MPRegen  0.09/turn              (no ring)

@: lethally poisoned (0 -> -4), very slightly contaminated
A: small, no large weapons, nightstalker 3
a: no special abilities


You were on level 1 of the Dungeon.
You visited 1 branch of the dungeon, and saw 2 of its levels.

Inventory:

Armour
 a - a +0 robe (worn)
Scrolls
 c - a scroll of noise {unknown}
 d - a scroll of immolation {unknown}
 f - a scroll of fear {unknown}
Potions
 b - a potion of attraction {unknown}
 e - a potion of curing {unknown}


   Skills:
 + Level 0.5 Fighting
 + Level 0.8 Short Blades
 + Level 2.6 Dodging
 + Level 3.1 Stealth
 + Level 2.3 Spellcasting
 + Level 4.0 Summonings


You had 4 spell levels left.
You knew the following spells:

 Your Spells              Type           Power      Damage    Failure   Level
a - Summon Small Mammal   Summ           56%        N/A       3%          1

Your spell library contained the following spells:

 Spells                   Type           Power      Damage    Failure   Level
 Call Imp                 Summ           14%        N/A       5%          2
 Call Canine Familiar     Summ           14%        N/A       11%         3
 Summon Guardian Golem    Hex/Summ       8%         N/A       26%         3
 Summon Lightning Spire   Summ/Air       8%         N/A       65%         4


Dungeon Overview and Level Annotations

Branches:
Dungeon (2/15)

Altars:


Innate Abilities, Weirdness & Mutations

You are small and have problems with some larger weapons.
You are completely attuned to the shadows.


Message History

Gang up on whom?
Press: ? - help, Dir - move target, f - adder
Aim: an adder (lightly wounded, ally target) Attack!
Your quokka misses the adder. The adder bites your quokka.
Your quokka is poisoned.
The adder poisons your quokka!
Your quokka barely misses the adder.
Your quokka dies!
Your quokka's corpse disappears in a puff of smoke!
Your quokka misses the adder.
Casting: Summon Small Mammal (safe; 3% risk of failure)
Confirm with . or Enter, or press ? or * to list all spells.
The adder bites you.
You are poisoned.
The adder poisons you!
Your quokka completely misses the adder.
The adder misses you.
Your quokka barely misses the adder.
Casting: Summon Small Mammal (safe; 3% risk of failure)
Confirm with . or Enter, or press ? or * to list all spells.
You miscast Summon Small Mammal.
You are very lightly contaminated with residual magic.
Nothing appears to happen.
You feel sick. The adder closely misses you.
Your quokka bites the adder.
Your rat bites the adder but does no damage.
Casting: Summon Small Mammal (safe; 3% risk of failure)
Confirm with . or Enter, or press ? or * to list all spells.
You feel sick. The adder barely misses you.
Your quokka barely misses the adder.
Your rat closely misses the adder.
You barely miss the adder.
The adder is moderately wounded.
You feel sick.
Your bat hits the adder but does no damage.
The adder completely misses you.
Your quokka barely misses the adder.
The adder bites you.
* * * LOW HITPOINT WARNING * * *
You are lethally poisoned!
The adder poisons you!
Your rat misses the adder.
* * * LOW HITPOINT WARNING * * *
You feel sick.
Your quokka barely misses the adder.
Your bat misses the adder. The adder closely misses you.
Your rat closely misses the adder.
You die...

.#####.#.##.#######
.....#.#...........
##+###.#.#..#........
#......#.#..#########
#.............. ..
#......#.#..### ##
#.b...##.#..#
#rSr..........
#...@.#####.##
###...... #.##### #.#
#.# #.# #.# #.#
####'##


You could see an adder (ally target), a friendly quokka (summoned), a friendly
bat (summoned) and a friendly rat (summoned).

Vanquished Creatures
  A frilled lizard (D:1)
1 creature vanquished.

Vanquished Creatures (collateral kills)
  A gnoll (D:1)
  5 endoplasms (D:1)
  2 goblins (D:1)
  A hobgoblin (D:1)
  A kobold (D:1)
  2 rats (D:1)
12 creatures vanquished.

Grand Total: 13 creatures vanquished

Notes
Turn   | Place    | Note
-------+----------+-------------------------------------------
     0 | D:1      | bilbop the Kobold Summoner began the quest for the Orb.
     0 | D:1      | Reached XP level 1. HP: 10/10 MP: 3/3
   394 | D:1      | Reached XP level 2. HP: 10/16 MP: 0/5
   799 | D:1      | You fall into a shaft and drop 1 floor!
   826 | D:1      | Succumbed to an adder's poison

Illustrated notes

Levels and vault maps discovered:
D:1:      enne_arrival_octagon_isle, layout_basic
D:2:      layout_rooms, chequers_ecumenical_altar_simple, basic_altar

Skill      XL: |  1 |
---------------+----+-----
Stealth        | 3 |  3.1
Fighting       | |  0.5
Short Blades   | |  0.8
Dodging        | |  2.6
Spellcasting   | |  2.3
Summonings     | |  4.0

Action                   || total
-------------------------++-------
Melee: Unarmed           ||     9
 Cast: Summon Small Mamm ||    44
Armor: Robe              ||     3
Dodge: Dodged            ||    18

Table legend: (Time is in decaauts)
 A = Elapsed time spent in this place.
 B = Non-inter-level travel time spent in this place.
 C = Inter-level travel time spent in this place.
 D = Time resting spent in this place.
 E = Time spent auto-exploring this place.
 F = Levels seen in this place.
 G = Mean time per level.
                   A        B        C        D        E       F      G
               +--------+--------+--------+--------+--------+-----+--------+
         Total |    826 |    826 |      0 |    117 |    466 |   2 |  413.0 |
       Dungeon |    826 |    826 |      0 |    117 |    466 |   2 |  413.0 |
               +--------+--------+--------+--------+--------+-----+--------+

Top non-repeatable levels by time:
     D:1: 810 daAuts
     D:2: 15 daAuts
